 Dungeon Crawl Stone Soup version 0.18.1-6-gd335043 (webtiles) character file.

266 shmeve the Shield-Bearer (level 6, -2/56 HPs)
             Began as a Deep Dwarf Fighter on May 19, 2016.
             Slain by Menkaure (3 damage)
             ... on level 4 of the Dungeon.
             The game lasted 00:04:51 (1448 turns).

shmeve the Shield-Bearer (Deep Dwarf Fighter)       Turns: 1448, Time: 00:04:52

Health: -2/56      AC: 11    Str: 21    XL:     6   Next: 0%
Magic:  7/7        EV:  4    Int:  9    God:
Gold:   122        SH:  9    Dex: 12    Spells: 0 memorised, 5 levels left

rFire  . . .     SeeInvis .     a - +0 war axe
rCold  . . .     Gourm    .     b - +0 plate armour
rNeg   . . .     Faith    .     c - +0 shield
rPois  .         Spirit   .     (no helmet)
rElec  .         Dismiss  .     (no cloak)
rCorr  .         Reflect  .     (no gloves)
SustAt .         Harm     .     (no boots)
MR     .....                    (no amulet)
Stlth  ..........               (no ring)
                                p - ring of flight

@: non-regenerating, not resistant to hostile enchantments, extremely unstealthy
A: damage resistance, recharge devices, sense surroundings 1, slow regeneration
3
a: Device Recharging, Evoke Flight


You were on level 4 of the Dungeon.
You were not hungry.

You visited 1 branch of the dungeon, and saw 4 of its levels.

You collected 122 gold pieces.

Inventory:

Hand Weapons
 a - a +0 war axe (weapon)
Armour
 b - a +0 plate armour (worn)
 c - a +0 shield (worn)
Jewellery
 p - a ring of flight (left hand)
Wands
 e - a wand of heal wounds (2/9)
Scrolls
 g - a scroll of recharging {unknown}
 h - a scroll of fear {unknown}
 i - a scroll of fog {unknown}
 k - 3 scrolls of identify {unknown}
 l - 2 scrolls of remove curse {unknown}
 o - a scroll of blinking {unknown}
 q - a scroll of enchant armour {unknown}
Potions
 m - 2 potions of curing {unknown}
 n - a potion of lignification {unknown}
 r - a potion of haste {unknown}
 s - a potion of ambrosia {unknown}
Comestibles
 d - a chunk of flesh
 f - 2 bread rations
 j - 2 meat rations


   Skills:
 * Level 3.5 Fighting
 * Level 4.0 Axes
 + Level 4.1 Armour
 + Level 1.5 Dodging
 * Level 4.3 Shields
 + Level 2.5 Evocations


You had 5 spell levels left.
You didn't know any spells.

Dungeon Overview and Level Annotations

Branches:
Dungeon (3/15)

Altars:
Dithmenos
Okawaru
Zin

Shops:
D:4 (

Annotations:
D:4 Menkaure


Innate Abilities, Weirdness & Mutations

You are resistant to damage.
You can recharge devices by infusing magical energy.
You passively map a small area around you.
You do not regenerate naturally.


Message History

You see here a runed rapier.
Menkaure, Prince of Dust comes into view.
Found a hand axe.
You see here a pink potion.
s - a pink potion Menkaure calls on the powers of darkness!
Your body is wracked with pain!
A giant gecko comes into view.
Menkaure gestures wildly while chanting.
Menkaure seems to speed up.
Menkaure gestures at you while chanting.
Pain shoots through your body!
* * * LOW HITPOINT WARNING * * *
You closely miss Menkaure. Menkaure hits you but does no damage.
You slash Menkaure!
Menkaure is moderately damaged.
Menkaure hits you!
* * * LOW HITPOINT WARNING * * *
Menkaure hits you.
You die...

*, ,, , .. * * * *
** #. , , * * ####
* #. , * ..# * #. *
, ,*,... , #.# #.
*#l# #.# #. **#M#
#.# #######. * #@#
#.# #...#... , #.#
#.##.# #..##
######.## #.#.#*
##.## ,
.........####..#
##)# ,
.).............#
#..
######.#.####..##
##.# #.#.# #..)##
##.## * *
*#.#.####..#.###.##
.#........##...####


You could see Menkaure and a giant gecko.

Vanquished Creatures
  An ogre (D:4)
  Blork the orc (D:4)
  A worker ant (D:4)
  2 adders (D:2)
  An ooze (D:2)
  2 worms (D:2)
  4 giant geckos
  2 giant cockroaches
  6 goblins
  5 hobgoblins
  8 jackals (D:1)
  2 quokkas
  7 bats
  2 giant newts (D:2)
  7 kobolds
  6 rats
57 creatures vanquished.

Notes
Turn   | Place    | Note
--------------------------------------------------------------
     0 | D:1      | shmeve the Deep Dwarf Fighter began the quest for the Orb.
     0 | D:1      | Reached XP level 1. HP: 20/20 MP: 1/1
    46 | D:1      | Reached skill level 1 in Evocations
   165 | D:1      | Reached XP level 2. HP: 21/27 MP: 2/2
   481 | D:1      | Reached XP level 3. HP: 20/33 MP: 4/4
   858 | D:2      | Reached XP level 4. HP: 42/42 MP: 5/5
   906 | D:2      | Found a faded altar to an unknown god.
  1118 | D:2      | Found a shadowy altar of Dithmenos.
  1118 | D:2      | Found an iron altar of Okawaru.
  1319 | D:3      | You fall through a shaft!
  1319 | D:4      | Found a glowing silver altar of Zin.
  1322 | D:4      | Found Qigako's Weapon Emporium.
  1322 | D:4      | Noticed an ogre
  1334 | D:4      | Killed an ogre
  1334 | D:4      | Reached skill level 1 in Dodging
  1334 | D:4      | Reached XP level 5. HP: 29/49 MP: 6/6
  1386 | D:4      | Noticed Blork the orc
  1391 | D:4      | Killed Blork the orc
  1391 | D:4      | Reached XP level 6. HP: 19/56 MP: 7/7
  1442 | D:4      | Noticed Menkaure
  1448 | D:4      | HP: 1/56 [Menkaure (14)]
  1448 | D:4      | Slain by Menkaure

Skill      XL: |  1  2  3  4  5 |
---------------+----------------+-----
Evocations     | 1 2 |  2.5
Axes           | 3 4 |  4.0
Fighting       | 3 |  3.5
Dodging        | 1 |  1.5
Shields        | 4 |  4.3
Armour         | 4 |  4.1

Action                   |  1- 3 |  4- 6 || total
-------------------------+-------+-------++-------
Melee: War axe           |   129 |    54 ||   183
Evoke: Wand              |     1 |     2 ||     3
  Use: Potion            |       |     1 ||     1
  Eat: Chunk             |       |     2 ||     2
Armor: Scale mail        |    16 |       ||    16
       Plate armour      |   109 |    32 ||   141
       Chain mail        |    14 |       ||    14
Dodge: Dodged            |    27 |    12 ||    39
Block: Shield            |   117 |    32 ||   149
